Map: [G8] Royal Blood

Players

Dark

  • Race: Zerg Zerg
  • Spawn Location: 1:00

Cure - Winner!

  • Race: Terran Terran
  • Spawn Location: 7:00

Event: Gamers8 2023

VOD

Have the link to the VOD?

Description

Time

  • Played on: Aug. 4, 2023, 4:26 p.m.
  • Length: 13:47

All games in this series

Show
View Real Time Build Order
Export as new Build Order

Dark Zerg 

Build Orders: Hatch First, Lurkers 

Get SALT Encoding   

  12  0:00  Drone  
  13  0:12  Overlord  
  13  0:17  Drone  
  14  0:30  Drone x2  
  16  0:48  Hatchery  
  15  0:52  Drone  
  15  0:55  Drone  
  17  0:59  Drone  
  18  1:10  Extractor  
  17  1:14  Spawning Pool  
  17  1:16  Drone  
  17  1:20  Drone  
  18  1:27  Drone  
  19  1:40  Drone  
  20  1:50  Drone  
  21  2:01  Queen x2  
  21  2:02  Zergling x4  
  27  2:11  Zergling x2  
  27  2:12  Overlord  
  28  2:22  Hatchery  
  26  2:30  Drone x2  
  28  2:40  Drone  
  28  2:42  Drone  
  28  2:43  Queen  
  32  2:46  Zergling x4  
  33  3:00  Drone x2  
  35  3:07  Drone  
  35  3:21  Overlord  
  35  3:23  Overlord  
  35  3:27  Overlord  
  35  3:34  Queen  
  35  3:37  Drone x4  
  35  3:40  Queen, Overlord  
  43  3:42  Drone  
  43  3:47  Drone  
  45  3:49  Drone x2  
  45  3:51  Queen  
  45  3:52  Drone x2  
  45  3:53  Drone  
  52  4:00  Roach Warren  
  52  4:02  Drone x2  
  53  4:05  Drone  
  53  4:08  Drone  
  55  4:12  Drone x2  
  55  4:13  Drone  
  55  4:14  Extractor, Drone  
  55  4:15  Extractor  
  58  4:17  Drone  
  58  4:22  Drone x2  
  60  4:31  Overlord  
  60  4:35  Extractor  
  60  4:38  Overlord  
  59  4:40  Roach x4  
  59  4:41  Roach  
  59  4:42  Roach  
  59  4:43  Drone x2  
  73  4:47  Overlord  
  73  4:53  Roach  
  73  4:56  Lair  
  75  5:04  Drone x3  
  75  5:05  Drone x5  
  83  5:08  Drone  
  83  5:09  Drone x2  
  83  5:12  Spore Crawler  
  85  5:14  Spore Crawler  
  85  5:16  Drone x2  
  86  5:24  Roach x3  
  86  5:28  Overlord  
  92  5:29  Overlord  
  92  5:31  Drone x2  
  92  5:34  Overlord  
  94  5:36  Drone  
  94  5:38  Overlord  
  94  5:41  Drone x2  
  97  5:42  Overlord  
  97  5:48  Evolution Chamber x2, Drone x2  
  97  5:51  Roach  
  97  5:52  Roach  
  101  5:57  Roach x2  
  101  5:58  Roach  
  101  6:02  Extractor x2  
  105  6:12  Drone x7  
  105  6:16  Roach  
  105  6:17  Zerg Ground Armor Level 1, Roach, Zerg Missile Weapons Level 1  
  116  6:30  Glial Reconstitution, Drone x2  
  118  6:33  Infestation Pit  
  118  6:34  Roach x2  
  118  6:35  Metabolic Boost  
  118  6:38  Hatchery  
  118  6:39  Ravager x3  
  123  6:43  Roach  
  123  6:44  Zergling x4  
  123  6:45  Zergling x4  
  129  6:50  Overlord  
  129  6:51  Overlord  
  129  6:53  Overlord  
  129  6:56  Overlord  
  129  7:04  Overlord  
  129  7:05  Overlord x2  
  129  7:09  Hydralisk Den, Infestor x2, Hive  
  129  7:11  Drone x2  
  134  7:17  Drone x5  
  134  7:18  Drone  
  134  7:22  Drone  
  141  7:27  Zergling x8  
  141  7:29  Zergling x2  
  146  7:30  Ravager  
  146  7:31  Ravager x2  
  146  7:33  Zergling x8  
  146  7:36  Extractor  
  152  7:39  Extractor  
  152  7:42  Zergling x6  
  152  7:43  Zergling x4  
  154  7:52  Zergling x6, Drone  
  154  7:54  Drone  
  154  7:55  Drone  
  160  8:05  Zergling x12  
  162  8:06  Lurker Den  
  165  8:13  Drone  
  165  8:15  Drone  
  165  8:16  Drone  
  168  8:24  Roach x6  
  168  8:25  Roach  
  181  8:31  Drone  
  181  8:32  Drone x2  
  173  8:36  Drone x3  
  173  8:40  Viper x2  
  182  8:41  Overlord  
  182  8:43  Overlord  
  182  8:44  Overseer  
  182  8:51  Hatchery  
  182  8:52  Hydralisk x4  
  191  8:55  Roach  
  190  9:04  Hydralisk x2  
  190  9:05  Hydralisk  
  190  9:06  Zerg Missile Weapons Level 2, Seismic Spines, Zerg Ground Armor Level 2  
  195  9:24  Lurker x3  
  195  9:31  Lurker  
  188  9:39  Lurker x3  
  188  9:41  Zergling x16  
  187  9:58  Hydralisk x2  
  185  10:00  Zergling x4  
  185  10:03  Adaptive Talons  
  186  10:08  Zergling x6  
  186  10:17  Hydralisk x3  
  186  10:20  Grooved Spines  
  192  10:23  Nydus Network  
  192  10:25  Hydralisk  
  182  10:34  Hydralisk x5  
  189  10:37  Hydralisk x2  
  189  10:39  Drone  
  193  10:48  Hydralisk x3  
  192  10:58  Lurker x2  
  192  11:01  Lurker x2  
  196  11:08  Extractor  
  190  11:17  Lurker  
  193  11:18  Zergling x16  
  193  11:21  Hatchery  
  193  11:24  Hatchery  
  197  11:32  Muscular Augments  
  182  11:41  Hydralisk x4  
  182  11:43  Overlord x3  
  184  11:56  Hydralisk  
  184  11:58  Overlord x2  
  184  12:07  Hydralisk  
  179  12:15  Hydralisk x4  
  172  12:17  Hydralisk x2  
  172  12:19  Ravager x4  
  188  12:24  Hydralisk  
  189  12:32  Hydralisk  
  185  12:37  Hydralisk  
  185  12:43  Hydralisk  
  168  12:47  Hydralisk  
  154  12:51  Drone  
  154  12:52  Drone x2  
  154  12:56  Extractor  
  152  13:01  Drone x3  
  152  13:02  Drone x3  
  155  13:06  Drone  
  155  13:07  Drone, Spawning Pool  
  155  13:08  Drone x3  
  155  13:10  Drone  
  155  13:11  Hatchery  
  159  13:14  Drone x2  
  159  13:17  Extractor x2  
  150  13:20  Lurker x2  
  150  13:21  Lurker  
  150  13:23  Drone  
  150  13:25  Lurker  
  150  13:27  Drone x3  
  157  13:30  Drone x2  
  162  13:39  Hatchery  
Show
View Real Time Build Order
Export as new Build Order

Cure Terran - Winner!

Build Orders:  

Get SALT Encoding   

  12  0:00  SCV  
  13  0:12  SCV  
  14  0:17  Supply Depot  
  14  0:24  SCV  
  15  0:39  SCV  
  15  0:40  Barracks  
  16  0:44  Refinery  
  16  0:51  SCV  
  17  0:59  Barracks  
  17  1:03  SCV  
  18  1:15  SCV  
  19  1:27  Orbital Command, Reaper  
  20  1:34  Supply Depot  
  20  1:45  Reaper  
  21  1:53  SCV  
  22  2:03  Reaper  
  22  2:06  SCV  
  24  2:10  Command Center  
  24  2:16  Refinery  
  24  2:19  SCV  
  25  2:31  SCV  
  26  2:43  SCV  
  27  2:45  Factory  
  27  2:53  Command Center  
  27  2:58  SCV  
  28  3:01  Barracks Tech Lab  
  28  3:02  Barracks Reactor  
  28  3:09  Supply Depot  
  28  3:10  SCV  
  29  3:21  Marine  
  29  3:22  SCV  
  29  3:24  Orbital Command  
  31  3:31  Starport  
  31  3:34  Factory Tech Lab  
  31  3:35  SCV  
  32  3:41  Stimpack  
  32  3:47  SCV  
  33  3:50  Marine x3  
  33  3:52  SCV  
  37  3:59  SCV  
  38  4:04  SCV  
  38  4:07  Orbital Command  
  38  4:09  Marine  
  39  4:10  Marine x2  
  39  4:13  SCV  
  39  4:15  Raven  
  39  4:16  SCV  
  46  4:20  Factory Reactor, Refinery  
  46  4:25  SCV  
  46  4:29  Marine x3, SCV  
  51  4:34  SCV  
  51  4:38  SCV  
  53  4:39  Supply Depot  
  53  4:41  SCV  
  54  4:45  Engineering Bay  
  54  4:46  Refinery, Engineering Bay  
  54  4:48  SCV  
  54  4:50  SCV  
  54  4:51  Marine x2  
  54  4:52  Marine  
  58  4:53  SCV  
  58  4:57  Orbital Command  
  60  5:04  Medivac x2  
  60  5:05  SCV  
  60  5:06  SCV  
  66  5:09  Marine x2, Supply Depot  
  66  5:10  Marine  
  69  5:15  Terran Infantry Weapons Level 1  
  69  5:16  Terran Infantry Armor Level 1  
  69  5:21  SCV  
  70  5:22  Barracks, SCV  
  70  5:25  SCV  
  70  5:26  Combat Shield  
  72  5:31  Marine x3  
  72  5:34  Siege Tank  
  78  5:39  SCV x3  
  81  5:48  Marine  
  81  5:49  Marine x2, Supply Depot  
  84  5:50  Supply Depot  
  84  5:57  Barracks  
  84  5:58  SCV  
  84  5:59  Barracks  
  85  6:07  SCV  
  85  6:11  Siege Tank, Marine x2, SCV  
  89  6:12  Barracks Reactor, Marine  
  89  6:13  SCV  
  89  6:18  Supply Depot  
  93  6:19  SCV  
  93  6:21  Supply Depot  
  93  6:23  SCV  
  95  6:25  SCV  
  95  6:31  Marine, SCV, Armory, Supply Depot  
  98  6:34  Marine x2  
  98  6:35  SCV  
  101  6:41  Supply Depot x2  
  101  6:43  Siege Tank  
  101  6:44  SCV x2  
  101  6:45  Barracks Reactor  
  106  6:47  SCV  
  106  6:48  Barracks Reactor  
  106  6:49  Marine x3  
  106  6:53  Medivac, Supply Depot  
  112  6:55  Medivac  
  112  6:58  SCV x2  
  112  6:59  SCV  
  116  7:03  Marine x2  
  116  7:07  Marine x3  
  120  7:10  Refinery  
  120  7:13  Refinery  
  120  7:16  Siege Tank, Factory  
  122  7:24  Terran Infantry Weapons Level 2  
  122  7:26  Missile Turret  
  122  7:28  Marine x6  
  122  7:29  Marine x2  
  129  7:30  Marine  
  130  7:38  Terran Infantry Armor Level 2  
  130  7:45  Medivac  
  130  7:46  Marine x5  
  130  7:48  Medivac, SCV  
  130  7:49  SCV x2  
  142  7:56  Supply Depot  
  142  7:58  Supply Depot  
  142  8:01  Marine x4  
  142  8:02  Siege Tank  
  142  8:03  Factory Tech Lab  
  149  8:07  Terran Vehicle Weapons Level 1  
  149  8:09  Supply Depot  
  149  8:10  Supply Depot  
  149  8:18  Marine x4, SCV x2  
  155  8:21  Supply Depot  
  155  8:22  Siege Tank, Supply Depot  
  155  8:25  Medivac  
  155  8:26  Medivac  
  149  8:36  Marine x9  
  149  8:38  Siege Tank  
  161  8:48  Command Center  
  161  8:53  Marine x4  
  161  8:54  Marine x5  
  170  8:59  Siege Tank  
  169  9:10  Siege Tank  
  169  9:11  Marine x5  
  177  9:21  Marine x4  
  181  9:26  Barracks  
  181  9:27  Barracks  
  181  9:28  Barracks  
  181  9:31  Siege Tank  
  181  9:42  Siege Tank  
  181  9:44  Marine x6  
  187  9:47  Terran Infantry Weapons Level 3  
  187  9:50  Medivac x2, Marine x2  
  184  9:53  Marine  
  176  10:01  Marine x2  
  176  10:02  Marine  
  176  10:03  Siege Tank  
  176  10:06  SCV x3  
  176  10:14  Siege Tank  
  176  10:16  Ghost Academy  
  176  10:19  Marauder, Marine x4, Barracks Tech Lab x3  
  166  10:40  Marine x4  
  166  10:41  Marauder, Marine x2  
  166  10:42  Siege Tank, Medivac  
  162  10:43  Medivac, Planetary Fortress  
  162  10:44  SCV x3  
  162  10:46  Terran Infantry Armor Level 3  
  169  10:58  Ghost  
  169  10:59  Ghost  
  169  11:04  SCV x3  
  172  11:05  Ghost  
  166  11:19  Ghost  
  166  11:21  SCV x4  
  166  11:22  Refinery  
  166  11:23  Refinery  
  172  11:26  Command Center  
  172  11:27  Terran Vehicle Weapons Level 2  
  163  11:42  Ghost  
  163  11:43  Ghost  
  163  11:45  Marine x4, Ghost  
  163  11:46  Marine x2  
  167  12:11  Marine x2  
  167  12:12  Marauder x2, Marine x2  
  174  12:19  Medivac x2  
  159  12:47  Orbital Command  
  159  12:48  Orbital Command  
  159  12:49  Medivac x2  
  154  12:59  Marauder x2, Marine x4  
  154  13:03  Siege Tank x2  
  168  13:06  Marine, Refinery x2  
  168  13:07  Marauder x2, Marine x3  
  172  13:17  SCV  
  172  13:18  SCV x2  
  164  13:26  Sensor Tower  
  164  13:27  Refinery x2  
  164  13:28  Missile Turret  
  164  13:30  Sensor Tower, Refinery  
Tags
 
Composition
Lurkers
Matchup
TvZ
Player
CureDark
Spawn Locations
Cross Positions
Add a new tag
Caveats
  • Supply blocks, unpowered buildings, or Contaminate may cause inaccurate times.
  • Supply counts are checked every 10 seconds.